 Dungeon Crawl Stone Soup version 0.17-a0-1738-g82cdc46 (webtiles) character file.

31 kae the Caller (level 3, 0/20 HPs)
             Began as a Tengu Summoner on Aug 30, 2015.
             Succumbed to a kobold's poison
             ... on level 2 of the Dungeon.
             The game lasted 00:02:24 (1756 turns).

kae the Caller (Tengu Summoner)                     Turns: 1756, Time: 00:02:24

Health: 0/20       AC:  2    Str:  8    XL:     3   Next: 22%
Magic:  6/7        EV: 12    Int: 16    God:
Gold:   81         SH:  3    Dex: 14    Spells: 2 memorised, 3 levels left

rFire  + . .     SeeInvis .     l - +0 short sword
rCold  + . .     Clarity  .     a - +0 robe
rNeg   . . .     SustAt   +     k - +0 buckler
rPois  +         Gourm    .     (helmet restricted)
rElec  +         Spirit   .     (no cloak)
rCorr  +         Warding  .     (no gloves)
rMut   .         Stasis   .     (boots unavailable)
MR     .....                    (no amulet)
Stlth  ++........               (no ring)
                                g - ring of sustain attributes

@: lethally poisoned (0 -> -5), resistant, not resistant to hostile
enchantments, unstealthy
A: beak, talons 3
a: no special abilities


You were on level 2 of the Dungeon.
You were not hungry.

You visited 1 branch of the dungeon, and saw 2 of its levels.

You collected 81 gold pieces.

Inventory:

Hand weapons
 l - a +0 short sword (weapon)
Armour
 a - a +0 robe (worn)
 k - a +0 buckler (worn)
Jewellery
 g - a ring of sustain attributes (left hand)
Magical devices
 o - a wand of confusion (30)
Scrolls
 d - 2 scrolls of teleportation {unknown}
 f - 2 scrolls of identify {unknown}
 h - a scroll of enchant armour {unknown}
 i - a scroll of immolation {unknown}
 m - a scroll of magic mapping {unknown}
 n - a scroll of amnesia {unknown}
Books
 b - a book of Callings

   Spells                             Type                      Level
   a - Summon Small Mammal            Summoning                    1
   b - Call Imp                       Summoning                    2
   c - Call Canine Familiar           Summoning                    3
   d - Summon Guardian Golem          Hexes/Summoning              3
   e - Summon Lightning Spire         Summoning/Air                4
   f - Summon Ice Beast               Ice/Summoning                4
Comestibles
 c - 2 bread rations


   Skills:
 + Level 1.3 Fighting
 - Level 2.1 Dodging
 - Level 2.0 Stealth
 - Level 2.0 Spellcasting
 * Level 5.7 Summonings


You had 3 spell levels left.
You knew the following spells:

 Your Spells              Type           Power        Failure   Level  Hunger
a - Summon Small Mammal   Summ           ###.         3%          1    #......
b - Call Imp              Summ           ###.....     6%          2    ###....


Dungeon Overview and Level Annotations

Branches:
Dungeon (2/15)

Altars:


Innate Abilities, Weirdness & Mutations

You have a beak for a mouth.
You have claws for feet.


Message History

It was a potion of cure mutation.
It has a very clean taste.
* * * LOW HITPOINT WARNING * * *
You feel sick.
Your white imp hits the kobold but does no damage.
The kobold hits your white imp but does no damage.
Drink which item? (? for menu, Esc to quit)
It was a potion of resistance.
You feel protected.
Your white imp hits the kobold.
The kobold dies!
* * * LOW HITPOINT WARNING * * *
You feel sick.
There is a lethal amount of poison in your body!
* * * LOW HITPOINT WARNING * * *
You feel sick.
* * * LOW HITPOINT WARNING * * *
You feel sick.
* * * LOW HITPOINT WARNING * * *
You feel sick.
You die...

########.# ###
#....@...#
..##########5######.#
...).........#
#.###.#####..# #.#
#.# ##.## ... ..#
#..# #.##### #..###
#(# #....#
#.##########....###.#


You could see a friendly white imp.

Vanquished Creatures
  A giant cockroach (D:1)
  3 goblins
  A hobgoblin (D:1)
  2 kobolds (D:2)
  4 bats
  5 rats
16 creatures vanquished.

Vanquished Creatures (collateral kills)
  An adder (D:2)
  A ball python (D:1)
  A giant cockroach (D:2)
  A hobgoblin (D:1)
  3 kobolds (D:2)
  A quokka (D:2)
  A bat (D:1)
  3 giant newts (D:1)
  2 rats (D:1)
14 creatures vanquished.

Grand Total: 30 creatures vanquished

Notes
Turn   | Place    | Note
--------------------------------------------------------------
     0 | D:1      | kae the Tengu Summoner began the quest for the Orb.
     0 | D:1      | Reached XP level 1. HP: 10/10 MP: 4/4
    86 | D:1      | Reached skill level 5 in Summonings
   341 | D:1      | Reached skill level 1 in Fighting
   376 | D:1      | Reached XP level 2. HP: 10/16 MP: 6/6
  1303 | D:2      | Learned a level 2 spell: Call Imp
  1679 | D:2      | Reached XP level 3. HP: 18/20 MP: 4/7
  1754 | D:2      | HP: 1/20 [poisoned by a kobold]
  1756 | D:2      | Succumbed to a kobold's poison

Vault maps used:
D:1:      roderic_octagonal_star, amethyst_killhole, hangedman_decor_growths
D:2:      first_bread, serial_bayou_pond_d

Action                   || total
-------------------------++-------
Melee: Unarmed           ||    74
       Short sword       ||    13
 Cast: Summon Small Mamm ||    15
       Call Imp          ||     3
  Use: Potion            ||     2
 Stab: Sleeping          ||     6
  Eat: Chunk             ||     3
